General information
- name: BNet
- type: Ladder 1vs1/FFA
- host: Battle.net
- saver: BEAR_AND
map: TerenasStand
- players: 2
- length: 39:08
- speed: Fast
- version: 1.27 W3XP
- replay type:

» download(143 KB)
Players
team 1 (winner)
BEAR_AND (
teal | 125 APM | 4894 actions | 39:08)
1 Paladin
1 Holy Light
6 Archmage
2 Summon Water Elemental
3 Brilliance Aura
1 Blizzard
2 Mountain King
1 Storm Bolt
1 Bash
» actions
| Assign group hotkey | 56 | |
| Basic commands | 8 | |
| Build / train | 229 | |
| Enter build submenu | 65 | |
| Enter hero's abilities submenu | 8 | |
| Give item / drop item | 6 | |
| Remove unit from queue | 5 | |
| Right click | 2675 | |
| Select / deselect | 948 | |
| Select group hotkey | 474 | |
| Use ability | 419 | |
4894 total
» units
| Peasant | 25 | |
| Priest | 1 | |
| Gryphon Rider | 2 | |
| Sorceress | 1 | |
29 total
» upgrades
| Masonry | 3 | |
| Lumber Harvesting | 2 | |
| Magic Sentry | 1 | |
| Backpack | 1 | |
| Priest Training | 2 | |
| Cloud | 1 | |
| Storm Hammers | 1 | |
| Swords | 3 | |
| Armor | 3 | |
| Sorceress Training | 2 | |
| Animal War Training | 1 | |
| Fragmentation Shards | 1 | |
| Flare | 1 | |
| Gunpowder | 2 | |
24 total
» buildings
| Altar of Kings | 1 | |
| Farm | 5 | |
| Lumber Mill | 1 | |
| Scout Tower | 138 | |
| Arcane Vault | 3 | |
| Arcane Tower | 15 | |
| Guard Tower | 107 | |
| Keep | 3 | |
| Town Hall | 3 | |
| Castle | 3 | |
| Arcane Sanctum | 1 | |
| Gryphon Aviary | 2 | |
| Barracks | 1 | |
| Blacksmith | 1 | |
| Workshop | 1 | |
285 total
» build order
00:16 Altar of Kings
00:22 Farm
00:40 Farm
00:58 Lumber Mill
01:25 Scout Tower
01:45 Arcane Vault
01:49 Scout Tower
01:55 Arcane Tower
01:55 Arcane Tower
01:55 Arcane Tower
02:18 Scout Tower
03:01 Guard Tower
03:22 Guard Tower
03:22 Guard Tower
03:50 Keep
03:50 Keep
03:51 Keep
05:05 Farm
05:06 Scout Tower
05:07 Scout Tower
06:32 Guard Tower
06:33 Guard Tower
06:37 Town Hall
06:40 Scout Tower
06:41 Scout Tower
06:41 Scout Tower
06:42 Scout Tower
06:42 Scout Tower
06:43 Scout Tower
06:49 Guard Tower
07:14 Arcane Tower
07:14 Guard Tower
07:14 Guard Tower
07:22 Arcane Vault
07:39 Guard Tower
07:40 Guard Tower
07:40 Guard Tower
08:07 Castle
08:08 Castle
08:16 Guard Tower
08:17 Guard Tower
08:17 Guard Tower
08:28 Guard Tower
08:28 Guard Tower
08:51 Arcane Vault
09:00 Scout Tower
09:01 Scout Tower
09:01 Scout Tower
09:02 Scout Tower
09:02 Scout Tower
09:03 Scout Tower
09:14 Arcane Sanctum
09:27 Scout Tower
09:28 Scout Tower
09:28 Scout Tower
09:29 Scout Tower
09:34 Scout Tower
09:34 Scout Tower
09:35 Scout Tower
09:36 Scout Tower
10:13 Guard Tower
10:13 Guard Tower
10:39 Scout Tower
10:40 Scout Tower
10:40 Guard Tower
10:42 Guard Tower
10:42 Guard Tower
10:42 Guard Tower
11:03 Guard Tower
11:03 Guard Tower
11:03 Guard Tower
11:21 Guard Tower
11:45 Guard Tower
11:47 Scout Tower
11:47 Scout Tower
11:48 Scout Tower
11:48 Scout Tower
12:07 Guard Tower
12:14 Guard Tower
12:16 Scout Tower
12:17 Scout Tower
12:18 Scout Tower
12:18 Scout Tower
12:19 Scout Tower
12:21 Guard Tower
12:22 Guard Tower
13:26 Guard Tower
13:28 Scout Tower
13:48 Scout Tower
13:48 Scout Tower
13:49 Scout Tower
13:49 Scout Tower
13:50 Scout Tower
13:50 Scout Tower
13:51 Scout Tower
13:52 Scout Tower
14:20 Guard Tower
14:23 Scout Tower
14:24 Scout Tower
14:37 Guard Tower
14:47 Scout Tower
14:47 Scout Tower
14:47 Scout Tower
14:48 Scout Tower
14:48 Scout Tower
14:49 Scout Tower
14:49 Scout Tower
15:20 Guard Tower
15:21 Arcane Tower
15:22 Guard Tower
15:22 Guard Tower
15:26 Scout Tower
15:26 Scout Tower
15:27 Scout Tower
15:28 Scout Tower
15:28 Scout Tower
15:29 Scout Tower
15:29 Scout Tower
15:30 Scout Tower
15:30 Scout Tower
15:31 Guard Tower
15:37 Guard Tower
15:39 Arcane Tower
15:39 Arcane Tower
15:40 Arcane Tower
15:40 Arcane Tower
16:06 Guard Tower
16:08 Arcane Tower
16:10 Guard Tower
16:11 Guard Tower
16:11 Guard Tower
16:12 Guard Tower
16:12 Guard Tower
16:12 Guard Tower
16:17 Farm
16:18 Farm
16:34 Guard Tower
16:34 Guard Tower
16:36 Guard Tower
16:47 Guard Tower
16:47 Guard Tower
16:57 Guard Tower
17:02 Arcane Tower
17:02 Arcane Tower
17:02 Arcane Tower
17:37 Town Hall
17:42 Guard Tower
17:43 Guard Tower
17:51 Guard Tower
17:54 Scout Tower
18:22 Guard Tower
18:23 Scout Tower
18:24 Scout Tower
18:24 Scout Tower
18:25 Scout Tower
18:26 Scout Tower
18:38 Arcane Tower
19:03 Scout Tower
19:04 Scout Tower
19:04 Scout Tower
19:06 Scout Tower
19:07 Scout Tower
19:07 Scout Tower
19:08 Scout Tower
19:11 Guard Tower
19:16 Scout Tower
19:17 Scout Tower
19:18 Scout Tower
19:19 Scout Tower
19:20 Scout Tower
19:20 Scout Tower
19:21 Scout Tower
19:21 Guard Tower
19:22 Guard Tower
19:35 Gryphon Aviary
19:41 Barracks
20:09 Guard Tower
20:10 Guard Tower
20:11 Guard Tower
20:12 Guard Tower
20:36 Guard Tower
20:36 Guard Tower
20:48 Blacksmith
20:54 Scout Tower
20:54 Scout Tower
20:55 Scout Tower
20:56 Scout Tower
20:56 Scout Tower
20:57 Scout Tower
20:58 Guard Tower
20:58 Guard Tower
20:59 Guard Tower
21:29 Guard Tower
21:39 Guard Tower
21:55 Guard Tower
22:10 Guard Tower
22:12 Guard Tower
22:36 Guard Tower
22:37 Guard Tower
22:38 Guard Tower
22:46 Guard Tower
22:47 Guard Tower
23:24 Guard Tower
23:31 Scout Tower
23:31 Scout Tower
23:32 Scout Tower
23:32 Scout Tower
23:33 Scout Tower
23:35 Scout Tower
23:36 Scout Tower
24:16 Guard Tower
24:21 Scout Tower
24:21 Scout Tower
24:22 Scout Tower
24:22 Scout Tower
24:23 Scout Tower
24:52 Guard Tower
24:52 Guard Tower
24:52 Guard Tower
25:24 Guard Tower
25:27 Guard Tower
26:14 Guard Tower
26:20 Scout Tower
26:20 Scout Tower
26:21 Scout Tower
26:22 Scout Tower
26:28 Workshop
26:55 Scout Tower
26:56 Scout Tower
26:56 Scout Tower
27:13 Guard Tower
27:58 Guard Tower
27:58 Guard Tower
27:59 Guard Tower
28:19 Scout Tower
28:19 Scout Tower
28:20 Scout Tower
28:21 Scout Tower
28:43 Guard Tower
29:29 Gryphon Aviary
29:40 Guard Tower
29:40 Guard Tower
30:02 Guard Tower
30:05 Scout Tower
30:06 Scout Tower
30:08 Scout Tower
30:08 Scout Tower
30:09 Scout Tower
30:10 Scout Tower
30:11 Scout Tower
30:12 Scout Tower
30:34 Guard Tower
32:18 Guard Tower
32:52 Guard Tower
32:58 Guard Tower
33:12 Guard Tower
35:44 Guard Tower
35:51 Scout Tower
35:52 Scout Tower
35:54 Scout Tower
35:55 Scout Tower
35:56 Scout Tower
35:57 Scout Tower
35:57 Scout Tower
35:58 Scout Tower
35:59 Scout Tower
35:59 Scout Tower
37:29 Town Hall
37:32 Scout Tower
37:32 Scout Tower
37:33 Scout Tower
37:33 Scout Tower
37:34 Scout Tower
37:35 Scout Tower
37:35 Scout Tower
37:36 Scout Tower
» items
| Scroll of Regeneration | 1 | |
| Lesser Clarity Potion | 1 | |
| Boots of Speed | 3 | |
| Staff of Teleportation | 3 | |
| Staff of Sanctuary | 3 | |
| Tome of Retraining | 1 | |
| Orb of Fire | 2 | |
14 total
team 2 (loser)
UP-TUP (
blue | 79 APM | 3082 actions | 39:06)
5 Blademaster
3 Wind Walk
2 Critical Strike
3 Naga Sea Witch
2 Frost Arrows
1 Forked Lightning
» actions
| Assign group hotkey | 31 | |
| Basic commands | 15 | |
| Build / train | 130 | |
| Enter build submenu | 45 | |
| Enter hero's abilities submenu | 8 | |
| Give item / drop item | 12 | |
| Remove unit from queue | 1 | |
| Right click | 1770 | |
| Select / deselect | 413 | |
| Select group hotkey | 475 | |
| Use ability | 182 | |
3082 total
» units
| Peon | 19 | |
| Grunt | 11 | |
| Troll Headhunter/Berserker | 6 | |
| Goblin Shredder | 3 | |
| Forest Troll Shadow Priest | 5 | |
| Raider | 5 | |
| Wind Rider | 2 | |
| Troll Witch Doctor | 8 | |
| Shaman | 4 | |
| Demolisher | 3 | |
| Kodo Beast | 1 | |
67 total
» upgrades
| Shaman Training | 2 | |
| Witch Doctor Training | 2 | |
| Envenomed Spears | 1 | |
| Ensnare | 1 | |
| Melee Weapons | 3 | |
| Armor | 3 | |
| Ranged Weapons | 3 | |
| Spiked Barricades | 3 | |
| Reinforced Defenses | 1 | |
| Liquid Fire | 1 | |
| War Drums Damage Increase | 1 | |
| Berserker Upgrade | 1 | |
| Berserker Strength | 1 | |
| Troll Regeneration | 1 | |
| Burning Oil | 1 | |
25 total
» buildings
| Barracks | 2 | |
| Altar of Storms | 1 | |
| Orc Burrow | 7 | |
| Voodoo Lounge | 1 | |
| War Mill | 3 | |
| Stronghold | 1 | |
| Watch Tower | 24 | |
| Great Hall | 2 | |
| Beastiary | 4 | |
| Spirit Lodge | 1 | |
| Fortress | 5 | |
51 total
» build order
00:06 Barracks
00:07 Altar of Storms
00:10 Orc Burrow
02:08 Voodoo Lounge
02:33 Orc Burrow
03:08 War Mill
03:25 Barracks
05:09 Orc Burrow
05:13 Orc Burrow
06:36 Stronghold
06:43 Watch Tower
06:49 Watch Tower
07:34 War Mill
09:30 Great Hall
10:02 Watch Tower
10:03 Watch Tower
11:47 Watch Tower
11:48 Watch Tower
12:16 Beastiary
12:23 Beastiary
12:29 Spirit Lodge
12:31 Beastiary
12:44 Beastiary
14:12 Fortress
14:12 Fortress
14:12 Fortress
16:32 Great Hall
16:46 Watch Tower
16:47 Watch Tower
16:49 Watch Tower
16:50 Watch Tower
17:08 Orc Burrow
17:10 Orc Burrow
17:18 War Mill
21:18 Orc Burrow
21:26 Watch Tower
21:28 Watch Tower
21:32 Watch Tower
21:36 Watch Tower
25:26 Watch Tower
25:27 Watch Tower
25:31 Watch Tower
25:33 Watch Tower
25:34 Watch Tower
27:28 Watch Tower
27:30 Watch Tower
27:31 Watch Tower
27:33 Watch Tower
27:35 Watch Tower
» items
| Healing Salve | 1 | |
| Lesser Clarity Potion | 1 | |
| Scroll of Speed | 1 | |
| Boots of Speed | 2 | |
| Periapt of Vitality | 1 | |
| Circlet of Nobility | 2 | |
| Scroll of Healing | 1 | |
| Orb of Lightning | 1 | |
| Scroll of Town Portal | 2 | |
| Scroll of Protection | 1 | |
13 total
Chat log
(10:50 / All) BEAR_AND: NAGA 2ND
(11:22 / All) BEAR_AND: GOOD
(18:01 / All) BEAR_AND: FROM?
(18:25 / All) UP-TUP: from the land of queers and steers
(18:34 / All) BEAR_AND: CALIFORNIA?
(18:39 / All) UP-TUP: texas
(18:44 / All) BEAR_AND: OH WEIRD
(18:55 / All) UP-TUP: watch full metal jacket
(19:00 / All) BEAR_AND: SEEN IT
(20:33 / All) BEAR_AND: lol did you tp
(32:00 / All) BEAR_AND: GOOD TRADE
(38:48 / All) BEAR_AND: owend
(38:56 / All) UP-TUP: u know u so wierd
(39:02 / All) UP-TUP: night
(39:04 / All) BEAR_AND: bye